 Seeded DCSS version 0.30-a0-125-g51eefa89be (webtiles) character file.

Game seed: 13279993624764864286 (custom seed)

2764 SigmundSlayer the Trooper (level 9, -6/71 HPs)
             Began as a Demonspawn Fighter on Sept 19, 2022.
             Was an Elder of Fedhas.
             Killed from afar by a steam dragon (13 damage)
             ... with a ball of steam
             ... on level 7 of the Dungeon.
             The game lasted 00:06:15 (6046 turns).

SigmundSlayer the Trooper (Demonspawn Fighter)      Turns: 6046, Time: 00:06:16

Health: -6/71      AC: 16    Str: 21    XL:     9   Next: 42%
Magic:  9/13       EV:  6    Int: 10    God:    Fedhas [****..]
Gold:   723        SH: 10    Dex: 12    Spells: 8/8 levels left

rFire   . . .      SeeInvis .    a - +1 war axe
rCold   . . .      Faith    .    p - +1 kite shield
rNeg    + . .      Spirit   .    i - +0 plate armour
rPois   +          Reflect  .    (helmet unavailable)
rElec   .          Harm     .    (no cloak)
rCorr   .          Rampage  .    k - +2 pair of gloves {infuse}
Will    .....                    (no boots)
Stlth   ..........               g - amulet of regeneration
HPRegen 1.01/turn                x - ring of positive energy
MPRegen 0.13/turn                v - ring of poison resistance

@: no status effects
A: horns 3, sturdy frame 2, demonic magic 2
a: Renounce Religion, Wall of Briars, Grow Ballistomycete, Overgrow


You were on level 7 of the Dungeon.
You worshipped Fedhas.
Fedhas was greatly pleased with you.
You visited 1 branch of the dungeon, and saw 7 of its levels.

You collected 858 gold pieces.
You spent 135 gold pieces at shops.

Inventory:

Hand Weapons
 a - a +1 war axe (weapon)
Missiles
 d - 3 boomerangs (quivered)
 y - 6 throwing nets
Armour
 i - a +0 plate armour (worn)
 k - a +2 pair of gloves of infusion (worn)
 p - a +1 kite shield (worn)
Jewellery
 f - an amulet of reflection
 g - an amulet of regeneration (around neck)
 v - a ring of poison resistance (right hand)
 x - a ring of positive energy (left hand)
Wands
 s - a wand of quicksilver (7)
Scrolls
 h - 2 scrolls of teleportation
 j - 2 scrolls of magic mapping
 l - a scroll of amnesia
Potions
 c - a potion of attraction
 e - a potion of resistance
 m - 3 potions of lignification
 n - a potion of curing
 o - a potion of ambrosia
 q - a potion of flight {unknown}
 t - 2 potions of mutation {unknown}


   Skills:
 + Level 6.8 Fighting
 + Level 5.8 Axes
 + Level 6.1 Armour
 + Level 6.1 Shields
 + Level 5.8 Invocations


You had 8 spell levels left.
You didn't know any spells.
Your spell library contained the following spells:

 Spells                   Type           Power      Damage    Failure   Level
 Call Canine Familiar     Summ           0%         N/A       100%        3
 Portal Projectile        Hex/Tloc       0%         N/A       100%        3
 Leda's Liquefaction      Hex/Erth       0%         N/A       100%        4


Dungeon Overview and Level Annotations

Branches:
Dungeon (7/15)             Temple (0/1) D:5

Altars:
Fedhas
Makhleb

Shops:
D:2 [   D:5 *


Innate Abilities, Weirdness & Mutations

You have a pair of large horns on your head.
Your movements are less encumbered by armour. (ER -4)
Spells you cast may paralyse nearby enemies.


Message History

The steam dragon claws you but does no damage.
You bump into the rock wall.
The steam dragon breathes steam at you. The ball of steam hits you!
You hear an angry growl.
You bump into the rock wall.
You are engulfed in a cloud of scalding steam.
The steam dragon breathes steam at you. The ball of steam hits you!
You barely miss the steam dragon. You headbutt the steam dragon!
The steam dragon is moderately wounded.
You are engulfed in a cloud of scalding steam.
The steam dragon bites you.
The steam dragon claws you but does no damage.
You bump into the rock wall.
You are engulfed in a cloud of scalding steam.
* * * LOW HITPOINT WARNING * * *
The steam dragon bites you.
* * * LOW HITPOINT WARNING * * *
The steam dragon claws you.
* * * LOW HITPOINT WARNING * * *
You bump into the rock wall.
The steam dragon bites you but does no damage.
The steam dragon closely misses you.
You hit the steam dragon. You headbutt the steam dragon.
The steam dragon is heavily wounded.
You feel less confused. The steam dragon bites you.
* * * LOW HITPOINT WARNING * * *
The steam dragon claws you.
* * * LOW HITPOINT WARNING * * *
You hit the steam dragon but do no damage.
Your headbutt misses the steam dragon.
The steam dragon is heavily wounded.
The steam dragon closely misses you. You block the steam dragon's attack.
A black bear comes into view.
The steam dragon breathes steam at you. The ball of steam hits you!
You die...
Fedhas appreciates your contribution to the ecosystem.

# #### #. ..#
#.. #.# ...
#<### ).
#...#
#.#.#####.#.#
#...D@....#.#
##h########.#
.( ##


You could see a steam dragon (catching breath) and a black bear.

Vanquished Creatures
  Grinder (D:3)
  Sigmund (D:4)
  2 sky beasts
  2 ice beasts
  An orc warrior (D:6)
  2 black bears
  An ogre (D:6)
  3 wolves (D:5)
  2 centaurs
  A phantom (D:3)
  A kobold brigand (D:6)
  A gnoll sergeant (D:5)
  A scorpion (D:4)
  2 necrophages
  A howler monkey (D:4)
  5 hounds
  2 jellies
  2 orc priests (D:5)
  3 gnoll boudas (D:5)
  3 iguanas
  4 orc wizards
  17 gnolls (D:5)
  6 adders
  A worm (D:3)
  6 dart slugs
  12 orcs
  8 endoplasms
  3 giant cockroaches
  11 goblins
  9 hobgoblins
  7 jackals
  13 kobolds
  3 quokkas
  8 ball pythons
  4 bats (D:1)
  5 frilled lizards
  2 rats
156 creatures vanquished.

Vanquished Creatures (others)
  An orc wizard (D:7)
  An orc (D:7)
  A jackal (D:4)
3 creatures vanquished.

Grand Total: 159 creatures vanquished

Notes
Turn   | Place    | Note
-------+----------+-------------------------------------------
     0 | D:1      | SigmundSlayer the Demonspawn Fighter began the quest for
                  | the Orb.
     0 | D:1      | Reached XP level 1. HP: 18/18 MP: 1/1
   238 | D:1      | Gained mutation: You have a pair of small horns on your
                  | head. [demonic ancestry]
   238 | D:1      | Reached XP level 2. HP: 23/24 MP: 2/2
   515 | D:1      | Gained mutation: Spells you cast may paralyse adjacent
                  | enemies. [demonic ancestry]
   515 | D:1      | Reached XP level 3. HP: 29/29 MP: 3/3
   540 | D:1      | Found a faded altar of an unknown god.
   545 | D:1      | Prayed at the altar of an unknown god.
   545 | D:1      | Became a worshipper of Fedhas Madash
   545 | D:1      | Reached * piety under Fedhas
   984 | D:2      | Found Piestuuv's Antique Armour Shop.
   991 | D:2      | Bought a pair of glowing gloves for 135 gold pieces
  1049 | D:2      | Identified the +6 dagger "Xaufig" {drain, Int+4}
  1080 | D:2      | Gained mutation: You have a pair of horns on your head.
                  | [demonic ancestry]
  1080 | D:2      | Reached XP level 4. HP: 34/36 MP: 1/4
  1513 | D:3      | Reached ** piety under Fedhas
  1573 | D:3      | Noticed a phantom
  1582 | D:3      | Killed a phantom
  1583 | D:3      | Gained mutation: You have a pair of large horns on your
                  | head. [demonic ancestry]
  1583 | D:3      | Reached XP level 5. HP: 31/42 MP: 1/5
  1761 | D:3      | Noticed Grinder
  1765 | D:3      | Paralysed by Grinder for 2 turns
  1779 | D:3      | Paralysed by Grinder for 5 turns
  1788 | D:3      | Killed Grinder
  1789 | D:3      | Gained mutation: Spells you cast may paralyse nearby
                  | enemies. [demonic ancestry]
  1789 | D:3      | Reached XP level 6. HP: 38/49 MP: 1/6
  2343 | D:4      | Noticed Sigmund
  2397 | D:4      | Killed Sigmund
  2398 | D:4      | Reached XP level 7. HP: 40/55 MP: 4/7
  2675 | D:4      | Reached skill level 5 in Fighting
  2684 | D:4      | Reached skill level 1 in Invocations
  2732 | D:4      | Found a burning altar of Makhleb.
  2850 | D:4      | Reached *** piety under Fedhas
  3315 | D:5      | Entered Level 5 of the Dungeon
  3419 | D:5      | Gained mutation: Your movements are slightly less
                  | encumbered by armour. (ER -2) [demonic ancestry]
  3419 | D:5      | Reached XP level 8. HP: 52/63 MP: 6/9
  3478 | D:5      | Reached skill level 5 in Armour
  3480 | D:5      | Reached skill level 5 in Shields
  3571 | D:5      | Found a staircase to the Ecumenical Temple.
  3574 | D:5      | Found Vynitwim's General Store.
  3639 | D:5      | Identified the +6 falchion of the Hurtling Jester {venom,
                  | Str+4}
  4021 | D:5      | Reached **** piety under Fedhas
  4223 | D:5      | Reached skill level 5 in Axes
  4889 | D:6      | Gained mutation: Your movements are less encumbered by
                  | armour. (ER -4) [demonic ancestry]
  4889 | D:6      | Reached XP level 9. HP: 70/70 MP: 9/12
  4928 | D:6      | Reached skill level 5 in Invocations
  6029 | D:7      | Identified the +7 flail of the Curious Youths {vorpal,
                  | +Blink rPois rF+ Dex+2}
  6046 | D:7      | Killed from afar by a steam dragon

Illustrated notes

Levels and vault maps discovered:
D:1:      minmay_arrival_shattered_statue, layout_rooms,
          shapermc_ecumenical_altar_petra, grunt_decor_fettered
D:2:      cheibrodos_greedy_goblins, layout_basic, serial_shops,
          nicolae_square_shop, serial_bayou_pond_e, grunt_decor_arrowhead
D:3:      layout_loops_ring, uniq_grinder
D:4:      minmay_polygon_palace, layout_rooms, makhleb_heckhound_becter,
          uniq_sigmund
D:5:      layout_cave_pools, minmay_temple_entry_purple_smoke,
          serial_gnoll_camp, gnoll_camp_mini_house, gnoll_camp_mini_shop,
          gnoll_camp_mini_loothouse, gnoll_camp_medium_01,
          gnoll_camp_mini_house, gnoll_camp_mini_hut
D:6:      layout_loops_cross
D:7:      layout_basic

Skill      XL: |  1  2  3  4  5  6  7  8  9 |
---------------+----------------------------+-----
Axes           | 2 3 4 5 |  5.8
Armour         | 3 4 5 6 |  6.1
Shields        | 3 4 5 6 |  6.1
Fighting       | 4 5 6 |  6.8
Invocations    | 2 4 5 |  5.8

Action                   |  1- 3 |  4- 6 |  7- 9 || total
-------------------------+-------+-------+-------++-------
Melee: War axe           |    93 |    63 |   248 ||   404
       Headbutt          |    11 |     8 |    46 ||    65
Throw: Boomerang         |       |       |     1 ||     1
  Use: Scroll            |       |       |    10 ||    10
       Potion            |       |       |     4 ||     4
 Stab: Held in net/web   |     1 |       |       ||     1
Armor: Scale mail        |    56 |    26 |   131 ||   213
       Plate armour      |       |       |     8 ||     8
Dodge: Dodged            |    38 |    22 |    96 ||   156
Block: Buckler           |    34 |     1 |       ||    35
       Kite shield       |       |    20 |   165 ||   185
       Reflection        |       |       |     5 ||     5

Table legend: (Time is in decaauts)
 A = Elapsed time spent in this place.
 B = Non-inter-level travel time spent in this place.
 C = Inter-level travel time spent in this place.
 D = Time resting spent in this place.
 E = Time spent auto-exploring this place.
 F = Levels seen in this place.
 G = Mean time per level.
                   A        B        C        D        E       F      G
               +--------+--------+--------+--------+--------+-----+--------+
         Total |   6222 |   6027 |    195 |    852 |   3976 |   7 |  888.9 |
       Dungeon |   6222 |   6027 |    195 |    852 |   3976 |   7 |  888.9 |
               +--------+--------+--------+--------+--------+-----+--------+

Top non-repeatable levels by time:
     D:5: 1589 daAuts
     D:6: 1163 daAuts
     D:3: 955 daAuts
     D:4: 909 daAuts
     D:2: 776 daAuts
     D:1: 774 daAuts
     D:7: 53 daAuts
